 Dungeon Crawl Stone Soup version 0.21.0 (webtiles) character file.

23052 magipi the Archer (level 12, -12/110 HPs)
             Began as a Centaur Berserker on Jan 5, 2018.
             Was an Elder of Trog.
             Mangled by a minotaur
             ... wielding a +0 bardiche
              (33 damage)
             ... in a labyrinth.
             The game lasted 01:07:32 (18545 turns).

magipi the Archer (Centaur Berserker)              Turns: 18545, Time: 01:07:33

Health: -12/110    AC:  9    Str: 20    XL:     12   Next: 68%
Magic:  19/19      EV: 12    Int:  6    God:    Trog [****..]
Gold:   921        SH:  2    Dex: 14    Spells: 11/11 levels left

rFire    . . .     SeeInvis .   a - +4 demon trident
rCold    + . .     Gourm    .   (no shield)
rNeg     . . .     Faith    .   B - +0 leather armour of Gravitas {rC+ Slay+2}
rPois    .         Spirit   .   f - +1 helmet
rElec    .         Reflect  +   (no cloak)
rCorr    +         Harm     .   u - +1 pair of gloves
MR       .....                  (no barding)
Stlth    +.........             r - +2 amulet of reflection
HPRegen  0.28/turn              o - ring of resist corrosion
MPRegen  0.16/turn              A - +3 ring of evasion

@: very quick
A: large, hooves 3, deformed body, speed 2, tough skin 3
a: Berserk, Trog's Hand, Brothers in Arms, Burn Spellbooks, Renounce Religion


You were in a labyrinth.
You worshipped Trog.
Trog was greatly pleased with you.
You were near starving.

You visited 2 branches of the dungeon, and saw 14 of its levels.
You also visited: Labyrinth.

You collected 921 gold pieces.

Inventory:

Hand Weapons
 a - a +4 demon trident (weapon)
   (You took it off Urug on level 2 of the Lair of Beasts)
 b - a +1 shortbow
   (You took it off a centaur on level 6 of the Dungeon)
Missiles
 e - a throwing net (quivered)
 g - 498 arrows
Armour
 f - a +1 helmet (worn)
   (You found it on level 1 of the Dungeon)
 u - a +1 pair of gloves (worn)
   (You found it on level 6 of the Dungeon)
 B - the +0 leather armour of Gravitas (worn) {rC+ Slay+2}
   (You found it on level 7 of the Dungeon)

   It affects your accuracy and damage with ranged weapons and melee attacks
   (+2).
   It protects you from cold.
 N - a +2 scale mail of magic resistance
   (You took it off Urug on level 2 of the Lair of Beasts)
Jewellery
 o - a ring of resist corrosion (left hand)
   (You found it on level 5 of the Dungeon)
 r - a +2 amulet of reflection (around neck)
   (You found it on level 7 of the Dungeon)
 A - a +3 ring of evasion (right hand)
   (You found it on level 7 of the Dungeon)
Wands
 i - a wand of random effects (29)
   (You found it on level 8 of the Dungeon)
 l - a wand of acid (2)
   (You found it on level 6 of the Dungeon)
 s - a wand of polymorph (30)
   (You found it on level 6 of the Dungeon)
 x - a wand of enslavement (27)
   (You found it on level 7 of the Dungeon)
 I - a wand of disintegration (11)
   (You took it off an orc on level 10 of the Dungeon)
 K - a wand of iceblast (10)
   (You found it on level 10 of the Dungeon)
 L - a wand of digging (19)
   (You found it on level 11 of the Dungeon)
Scrolls
 q - 2 scrolls of fog
 t - 7 scrolls of teleportation
 v - 2 scrolls of magic mapping
 C - a scroll of fear
 D - a scroll of enchant weapon
 F - 3 scrolls of enchant armour
 J - 6 scrolls of remove curse
Potions
 d - 4 potions of agility
 h - a potion of might
 k - 3 potions of flight
 n - 2 potions of haste
 p - 3 potions of heal wounds
 y - 4 potions of curing
 z - 2 potions of resistance
 E - 2 potions of lignification
 H - a potion of invisibility
 M - a potion of ambrosia {unknown}
Comestibles
 c - 26 rations


   Skills:
 - Level 11.0 Fighting
 - Level 10.2 Polearms
 + Level 13.3 Bows
 + Level 2.5 Armour
 - Level 1.3 Dodging
 - Level 10.0 Evocations


You had 11 spell levels left.
You didn't know any spells.

Dungeon Overview and Level Annotations

Branches:
Dungeon (11/15)            Temple (0/1) D:6            Lair (3/6) D:9
  Swamp (0/4) Lair:2        Snake (0/4) Lair:2
    Orc: D:9-12

Altars:
Ashenzari
Fedhas
Hepliaklqana
Kikubaaqudgha
Okawaru
Trog
Yredelemnul
The Shining One

Shops:
D:4 =   D:6 }

Portals:
Trove: D:11 (give horn of Geryon)

Annotations:
D:11 exclusion: orange crystal statue


Innate Abilities, Weirdness & Mutations

You have hooves in place of feet.
Armour fits poorly on your strangely shaped body.
You cover ground very quickly.
You have extremely tough skin. (AC +3)


Message History

Firing (i - inventory. (,) - cycle):
g - 507 arrows (quivered)
Press: ? - help, Shift-Dir - straight line, f/p - minotaur
Aim: a minotaur, wielding a bardiche and wearing a translucent plate armour (lightly wounded)
You shoot an arrow. The arrow hits the minotaur.
The minotaur is lightly wounded.
Firing (i - inventory. (,) - cycle):
g - 506 arrows (quivered)
Press: ? - help, Shift-Dir - straight line, f/p - minotaur
Aim: a minotaur, wielding a bardiche and wearing a translucent plate armour (lightly wounded)
You shoot an arrow. The arrow hits the minotaur.
The minotaur is lightly wounded.
Firing (i - inventory. (,) - cycle):
g - 505 arrows (quivered)
Press: ? - help, Shift-Dir - straight line, f/p - minotaur
Aim: a minotaur, wielding a bardiche and wearing a translucent plate armour (lightly wounded)
You shoot an arrow.
The arrow hits the minotaur but does no damage.
The minotaur is lightly wounded.
Firing (i - inventory. (,) - cycle):
g - 504 arrows (quivered)
Press: ? - help, Shift-Dir - straight line, f/p - minotaur
Aim: a minotaur, wielding a bardiche and wearing a translucent plate armour (lightly wounded)
You shoot an arrow.
The arrow hits the minotaur but does no damage.
The minotaur is lightly wounded.
Firing (i - inventory. (,) - cycle):
g - 503 arrows (quivered)
Press: ? - help, Shift-Dir - straight line, f/p - minotaur
Aim: a minotaur, wielding a bardiche and wearing a translucent plate armour (lightly wounded)
You shoot an arrow. The arrow hits the minotaur!
The minotaur is moderately wounded.
Firing (i - inventory. (,) - cycle):
g - 502 arrows (quivered)
Press: ? - help, Shift-Dir - straight line, f/p - minotaur
Aim: a minotaur, wielding a bardiche and wearing a translucent plate armour (moderately wounded)
You shoot an arrow.
The arrow hits the minotaur but does no damage.
The minotaur is moderately wounded.
Firing (i - inventory. (,) - cycle):
g - 501 arrows (quivered)
Press: ? - help, Shift-Dir - straight line, f/p - minotaur
Aim: a minotaur, wielding a bardiche and wearing a translucent plate armour (moderately wounded)
You shoot an arrow.
The arrow hits the minotaur but does no damage.
The minotaur is moderately wounded.
Firing (i - inventory. (,) - cycle):
g - 500 arrows (quivered)
Press: ? - help, Shift-Dir - straight line, f/p - minotaur
Aim: a minotaur, wielding a bardiche and wearing a translucent plate armour (moderately wounded)
You shoot an arrow. The arrow hits the minotaur.
The minotaur is moderately wounded.
Firing (i - inventory. (,) - cycle):
g - 499 arrows (quivered)
Press: ? - help, Shift-Dir - straight line, f/p - minotaur
Aim: a minotaur, wielding a bardiche and wearing a translucent plate armour (moderately wounded)
You shoot an arrow. The arrow barely misses the minotaur.
Found a blackened book and a plate armour.
Your two-headed ogre goes berserk!
You feel somewhat more hungry.
Unknown command.
a - a +4 demon trident (weapon)
The minotaur drinks a potion.
The minotaur goes berserk!
The minotaur hits your two-headed ogre with a bardiche!!!
The minotaur gores your two-headed ogre!!
Attack whom?
Press: ? - help, Dir - move target cursor, f/p - minotaur
Aim: a minotaur, wielding a bardiche and wearing a translucent plate armour (moderately wounded, berserk, fast, unusually strong)
You reach to attack!
You puncture the minotaur!
The minotaur is heavily wounded.
Your two-headed ogre hits the minotaur with a dire flail!
Your two-headed ogre barely misses the minotaur.
The minotaur rages.
The minotaur barely misses your two-headed ogre.
The minotaur gores your two-headed ogre!!
Your two-headed ogre dies!
Your two-headed ogre's corpse disappears in a puff of smoke!
Attack whom?
Press: ? - help, Dir - move target cursor, f/p - minotaur
Aim: a minotaur, wielding a bardiche and wearing a translucent plate armour (heavily wounded, berserk, fast, unusually strong)
You reach to attack!
You puncture the minotaur!
The minotaur is heavily wounded.
Unknown command.
Unknown command.
You fail to use your ability.
The minotaur hits you with a bardiche!! The minotaur gores you!!
Unknown command.
You hit the minotaur.
You kick the minotaur, but do no damage.
The minotaur is heavily wounded.
The minotaur hits you with a bardiche!!!
* * * LOW HITPOINT WARNING * * *
The minotaur gores you but does no damage.
You are near starving!
You see here an arrow.
You see here an arrow.
The minotaur rages.
You see here an arrow.
The minotaur rages.
Okay, then.
Unknown command.
You feel much better. The minotaur hits you with a bardiche!!
* * * LOW HITPOINT WARNING * * *
The minotaur gores you.
* * * LOW HITPOINT WARNING * * *
You feel much better. The minotaur closely misses you. The minotaur gores you!
* * * LOW HITPOINT WARNING * * *
The minotaur hits you with a bardiche!!
You die...

#### .. ###.#####
#.#...#.#
#######.@.....#
#......H#####...#
#.###.#.# #(# # #
# #.#[.[#(. .. .#
#.#8.8#(. # .
#(#:.[#(#...
##.###.#8. #.#.##
# # #..
...(#...#H#....
#.#####.# .8 ###
# #


You could see a minotaur (berserk).

Vanquished Creatures
  Gastronok (Lair:1)
  Snorg (D:10)
  Erolcha (D:11)
  A hydra (D:10)
  2 two-headed ogres
  Urug (Lair:2)
  The ghost of Gorglomux the Covered, a novice DDFi of Makhleb (D:8)
  Pikel (D:7)
  2 ugly things
  A cyclops (D:10)
  Joseph (D:7)
  5 spiny frogs
  A gargoyle (D:10)
  A komodo dragon (Lair:1)
  2 guardian mummies (D:11)
  A queen bee (D:9)
  2 trolls
  A hornet (D:7)
  3 blink frogs (Lair:2)
  A hippogriff (Lair:1)
  3 spriggans (Lair:1)
  3 yaks (Lair:2)
  3 wraiths (D:10)
  5 wyverns
  A basilisk (Lair:1)
  Grum (Lair:1)
  6 water moccasins
  3 ice beasts
  3 orc warriors (D:10)
  2 sky beasts
  A swamp drake (D:9)
  2 slaves (D:7)
  A black bear (D:11)
  An eye of draining (D:11)
  5 ogres
  A necrophage (D:10)
  2 phantoms
  2 wolves (Lair:1)
  8 centaurs
  3 crocodiles
  A big kobold (D:10)
  9 bullfrogs
  An elf skeleton (D:10)
  A gnoll sergeant (D:9)
  A wyvern skeleton (D:9)
  2 scorpions
  20 killer bees
  4 wights (D:9)
  An electric eel (Lair:1)
  5 howler monkeys
  6 crimson imps
  3 bullfrog zombies
  A centaur zombie (D:9)
  A quasit (D:10)
  5 human zombies (D:10)
  3 centaur skeletons
  9 hounds
  3 jellies (D:10)
  A bullfrog skeleton (D:6)
  11 orc priests
  2 human skeletons (D:10)
  Jessica (D:3)
  3 iguanas
  8 worker ants
  10 orc wizards
  A hound zombie (D:10)
  A worker ant zombie (D:6)
  9 gnolls
  16 adders
  2 shadow imps
  An ooze (D:1)
  2 adder zombies
  An adder skeleton (D:7)
  4 worms
  4 dart slugs
  5 leopard geckos
  58 orcs
  A ball python (D:4)
  9 bats
  5 giant cockroaches
  13 goblins
  6 hobgoblins
  9 jackals
  6 quokkas
  A ball python skeleton (D:5)
  3 frilled lizards
  12 kobolds
  A quokka zombie (D:9)
  10 rats
378 creatures vanquished.

Vanquished Creatures (collateral kills)
  Fannar (Lair:2)
1 creature vanquished.

Vanquished Creatures (others)
  A porcupine (Lair:2)
  A bullfrog (Lair:2)
  A plant (Lair:1)
3 creatures vanquished.

Grand Total: 382 creatures vanquished

Notes
Turn   | Place    | Note
-------+----------+-------------------------------------------
     0 | D:1      | magipi the Centaur Berserker began the quest for the Orb.
     0 | D:1      | Reached XP level 1. HP: 19/19 MP: 1/1
   144 | D:1      | Reached XP level 2. HP: 26/26 MP: 2/2
   712 | D:1      | Reached XP level 3. HP: 31/31 MP: 3/3
  1144 | D:2      | Reached ** piety under Trog
  1298 | D:2      | Reached XP level 4. HP: 38/38 MP: 4/4
  1919 | D:3      | Reached skill level 5 in Polearms
  2200 | D:3      | Reached XP level 5. HP: 39/45 MP: 5/5
  2284 | D:2      | Reached *** piety under Trog
  2505 | D:3      | Noticed a moth of wrath
  2506 | D:3      | Noticed Jessica
  2525 | D:3      | Killed Jessica
  2533 | D:3      | Found a bloodstained altar of Trog.
  2757 | D:3      | Reached XP level 6. HP: 51/51 MP: 6/6
  2818 | D:3      | Found a glowing golden altar of the Shining One.
  3380 | D:4      | Found a hazy altar of Hepliaklqana.
  3713 | D:4      | Found Xopsyr Rerpho's Jewellery Boutique.
  4130 | D:5      | Entered Level 5 of the Dungeon
  4273 | D:5      | Reached XP level 7. HP: 52/57 MP: 7/7
  4344 | D:5      | Reached **** piety under Trog
  4655 | D:5      | Found a blossoming altar of Fedhas.
  5767 | D:6      | Reached XP level 8. HP: 63/63 MP: 8/8
  5810 | D:6      | Reached skill level 1 in Bows
  5813 | D:6      | Reached skill level 2 in Bows
  5916 | D:6      | Found a staircase to the Ecumenical Temple.
  5928 | D:6      | Reached skill level 3 in Bows
  5974 | D:6      | Found Foiplaba's Gadget Emporium.
  6257 | D:6      | Reached skill level 4 in Bows
  6314 | D:6      | Found a basalt altar of Yredelemnul.
  6339 | D:6      | Found a shattered altar of Ashenzari.
  6344 | D:6      | Found an ancient bone altar of Kikubaaqudgha.
  6405 | D:7      | Noticed Joseph
  6448 | D:7      | Killed Joseph
  6448 | D:7      | Reached skill level 5 in Bows
  6532 | D:7      | Reached skill level 6 in Bows
  6542 | D:7      | Reached skill level 10 in Polearms
  6545 | D:7      | Reached XP level 9. HP: 50/69 MP: 9/9
  7047 | D:7      | Reached skill level 7 in Bows
  7140 | D:7      | Noticed Pikel
  7215 | D:7      | Killed Pikel
  7215 | D:7      | Reached skill level 8 in Bows
  7305 | D:7      | Got an ichor-stained leather armour
  7316 | D:7      | Identified the cursed +0 leather armour of Gravitas {rC+ Slay+2} (You found it on level 7 of the Dungeon)
  7829 | D:7      | Paralysed by a hornet for 1 turns
  7843 | D:7      | Reached skill level 5 in Fighting
  7843 | D:7      | Reached skill level 9 in Bows
  8450 | D:8      | Noticed a two-headed ogre
  8519 | D:8      | Killed a two-headed ogre
  8519 | D:8      | Reached skill level 10 in Bows
  8519 | D:8      | Reached XP level 10. HP: 83/83 MP: 10/10
  9075 | D:8      | Reached ***** piety under Trog
  9204 | D:8      | Noticed Gorglomux's ghost (novice DDFi)
  9489 | D:8      | Killed Gorglomux's ghost
  9489 | D:8      | Reached skill level 1 in Evocations
  9982 | D:9      | Received a gift from Trog
 11010 | D:9      | Received a gift from Trog
 11419 | D:9      | Found an iron altar of Okawaru.
 11442 | D:9      | Reached skill level 5 in Evocations
 11593 | D:9      | Found a staircase to the Lair.
 11611 | D:9      | Reached XP level 11. HP: 83/97 MP: 13/15
 11878 | D:10     | Entered Level 10 of the Dungeon
 11920 | D:10     | Noticed a purple ugly thing
 11932 | D:10     | Killed a purple ugly thing
 11989 | D:10     | Noticed a two-headed ogre
 12009 | D:10     | Killed a two-headed ogre
 12427 | D:10     | Received a gift from Trog
 12776 | D:10     | Received a gift from Trog
 12847 | D:10     | Noticed an eight-headed hydra
 12929 | D:10     | Killed an eight-headed hydra
 12929 | D:10     | Reached skill level 10 in Fighting
 12981 | D:10     | Noticed Snorg
 13117 | D:10     | Killed Snorg
 13726 | D:10     | Found a basalt altar of Yredelemnul.
 13759 | D:10     | Received a gift from Trog
 14209 | D:11     | Noticed Erolcha
 14227 | D:11     | Killed Erolcha
 14342 | D:11     | Noticed a white ugly thing
 14353 | D:11     | Killed a white ugly thing
 14814 | D:11     | Noticed an orange crystal statue
 15003 | D:11     | Reached skill level 11 in Bows
 15003 | D:11     | Reached XP level 12. HP: 74/110 MP: 18/18
 15144 | D:11     | Found a portal to a secret trove of treasure.
 15463 | Lair:1   | Entered Level 1 of the Lair of Beasts
 15750 | Lair:1   | Received a gift from Trog
 16335 | Lair:1   | Noticed Gastronok
 16401 | Lair:1   | Killed Gastronok
 16401 | Lair:1   | Reached skill level 12 in Bows
 16484 | Lair:1   | Noticed Grum
 16495 | Lair:1   | Killed Grum
 16605 | Lair:1   | Got a brightly glowing spear
 17099 | Lair:2   | Noticed Urug
 17276 | Lair:2   | Killed Urug
 17440 | Lair:2   | Found a dark tunnel.
 17588 | Lair:2   | Found a staircase to the Snake Pit.
 17626 | Lair:2   | Reached skill level 10 in Evocations
 17710 | Lair:2   | Reached skill level 13 in Bows
 17722 | Lair:2   | Received a gift from Trog
 17904 | Lair:2   | Found a staircase to the Swamp.
 17938 | Lair:2   | Noticed Fannar
 18085 | Lair:2   | Killed Fannar
 18388 | Lair:3   | Found a labyrinth entrance.
 18397 | Lab      | Entered a labyrinth
 18482 | Lab      | Noticed a minotaur
 18545 | Lab      | Mangled by a minotaur

Skill      XL: |  1  2  3  4  5  6  7  8  9 10 11 12 |
---------------+-------------------------------------+-----
Polearms       | 3 4 5 6 7 8 10 | 10.2
Bows           | 6 10 11 13 | 13.3
Fighting       | 6 9 11 | 11.0
Evocations     | 5 8 10 | 10.0
Armour         | 2 |  2.5
Dodging        | |  1.3

Action                   |  1- 3 |  4- 6 |  7- 9 | 10-12 || total
-------------------------+-------+-------+-------+-------++-------
Melee: Spear             |    94 |   303 |   263 |   212 ||   872
       Kick              |    18 |    54 |    61 |    66 ||   199
       Demon trident     |       |       |       |    29 ||    29
 Fire: Shortbow          |       |       |    67 |   842 ||   909
Invok: Berserk           |     2 |     4 |     9 |     9 ||    24
       Brothers in Arms  |       |       |       |     5 ||     5
       Burn Spellbooks   |       |       |       |     1 ||     1
       Trog's Hand       |       |       |       |     1 ||     1
Evoke: Wand              |       |       |     2 |     5 ||     7
  Use: Scroll            |       |     8 |    10 |    10 ||    28
       Potion            |       |       |       |     2 ||     2
  Eat: Chunk             |     2 |    12 |    12 |    21 ||    47
       Ration            |       |       |     2 |     4 ||     6
Armor: Animal skin       |    26 |       |       |       ||    26
       Chain mail        |       |    48 |       |       ||    48
       Scale mail        |       |    25 |       |     2 ||    27
       Leather armour    |       |    14 |    57 |    72 ||   143
Dodge: Dodged            |    28 |    53 |    62 |   186 ||   329
Block: Other             |       |       |     2 |    29 ||    31
       Reflection        |       |       |     1 |     2 ||     3

Action                   |  1- 3 |  4- 6 |  7- 9 | 10-12 || total
-------------------------+-------+-------+-------+-------++-------
Melee: Spear             |    94 |   303 |   263 |   212 ||   872
       Kick              |    18 |    54 |    61 |    66 ||   199
       Demon trident     |       |       |       |    29 ||    29
 Fire: Shortbow          |       |       |    67 |   842 ||   909
Invok: Berserk           |     2 |     4 |     9 |     9 ||    24
       Brothers in Arms  |       |       |       |     5 ||     5
       Burn Spellbooks   |       |       |       |     1 ||     1
       Trog's Hand       |       |       |       |     1 ||     1
Evoke: Wand              |       |       |     2 |     5 ||     7
  Use: Scroll            |       |     8 |    10 |    10 ||    28
       Potion            |       |       |       |     2 ||     2
  Eat: Chunk             |     2 |    12 |    12 |    21 ||    47
       Ration            |       |       |     2 |     4 ||     6
Armor: Animal skin       |    26 |       |       |       ||    26
       Chain mail        |       |    48 |       |       ||    48
       Scale mail        |       |    25 |       |     2 ||    27
       Leather armour    |       |    14 |    57 |    72 ||   143
Dodge: Dodged            |    28 |    53 |    62 |   186 ||   329
Block: Other             |       |       |     2 |    29 ||    31
       Reflection        |       |       |     1 |     2 ||     3
